Map: Kairos Junction LE

Players

envious - Winner!

  • Race: Terran Terran
  • League: Master
  • Spawn Location: 5:00

Mez

  • Race: Terran Terran
  • League: Master
  • Spawn Location: 11:00

VOD

Have the link to the VOD?

Description

Time

  • Played on: July 31, 2019, 2:40 p.m.
  • Length: 12:22
Show
View Real Time Build Order
Export as new Build Order

envious Terran - Winner!

Build Orders: 1/1/1, Liberator Opening 

Get SALT Encoding   

  12  0:00  SCV  
  13  0:12  SCV  
  14  0:16  Supply Depot  
  14  0:25  SCV  
  15  0:29  Refinery  
  15  0:38  SCV  
  16  0:43  Barracks  
  16  0:50  SCV  
  16  0:55  Refinery  
  17  1:02  SCV  
  18  1:14  SCV  
  19  1:30  Barracks Reactor, Orbital Command  
  19  1:35  Factory  
  19  1:51  Supply Depot  
  19  1:56  SCV  
  20  2:06  Reaper x2  
  20  2:08  SCV  
  23  2:19  Hellion  
  23  2:20  SCV  
  23  2:21  Starport  
  26  2:38  Reaper x2  
  26  2:42  Hellion  
  31  2:44  SCV  
  31  2:47  Supply Depot  
  31  3:09  Hellion, SCV, Medivac  
  35  3:20  Reaper x2  
  35  3:21  SCV  
  35  3:26  Supply Depot  
  38  3:31  Liberator  
  38  3:43  Command Center  
  38  3:46  Starport Tech Lab, Factory Tech Lab  
  38  3:52  Supply Depot  
  41  4:01  SCV  
  42  4:05  Marine x2  
  38  4:30  SCV  
  39  4:34  Command Center  
  32  4:39  Siege Tank  
  32  4:43  SCV  
  36  4:46  Refinery  
  36  4:47  Marine, Starport Tech Lab  
  37  4:55  SCV  
  37  4:57  Orbital Command  
  38  5:06  Marine x2  
  40  5:09  SCV  
  41  5:19  Siege Tank  
  41  5:21  SCV  
  45  5:23  Raven  
  45  5:24  SCV, Marine  
  49  5:29  Marine  
  49  5:33  SCV  
  51  5:36  SCV  
  51  5:42  Marine  
  53  5:45  SCV  
  53  5:47  Marine  
  53  5:48  SCV  
  53  5:49  Orbital Command  
  56  5:51  Refinery  
  56  5:56  Barracks  
  56  5:57  SCV, Barracks  
  56  5:58  Siege Tank  
  56  6:03  SCV  
  61  6:06  Marine x2  
  61  6:09  Raven, SCV  
  66  6:15  SCV  
  66  6:18  Supply Depot  
  64  6:21  SCV  
  65  6:26  Marine x2  
  65  6:27  SCV  
  65  6:32  Siege Tank  
  69  6:33  SCV  
  69  6:39  SCV  
  71  6:42  Marine  
  71  6:44  Marine x3  
  71  6:45  SCV  
  75  6:51  SCV  
  75  7:04  Barracks Reactor, Barracks  
  75  7:06  Barracks  
  75  7:07  Barracks Reactor  
  74  7:09  Orbital Command  
  74  7:14  SCV x2  
  76  7:17  Marine  
  76  7:18  Siege Tank  
  76  7:19  Viking x2, Stimpack  
  84  7:35  Marine  
  82  7:40  Marine x2  
  82  7:43  Marine x2  
  83  7:51  SCV x2  
  79  7:52  Viking x2  
  79  7:53  Marine  
  79  7:58  SCV, Marine x2  
  83  8:03  SCV  
  84  8:08  SCV  
  84  8:10  SCV  
  84  8:11  Marine  
  84  8:12  Barracks Reactor x2  
  87  8:13  Marine x2  
  87  8:14  Engineering Bay  
  87  8:16  Engineering Bay  
  87  8:18  Marine x2  
  88  8:26  SCV x2  
  88  8:28  SCV, Marine  
  88  8:30  Marine x2  
  92  8:38  SCV x2  
  92  8:40  SCV  
  93  8:43  Supply Depot x2  
  93  8:44  Supply Depot  
  93  8:45  Terran Infantry Armor Level 1, Terran Infantry Weapons Level 1  
  93  8:46  Marine  
  94  8:51  Marine x2  
  94  8:53  Marine x3  
  99  8:56  Marine x2  
  101  9:04  Marine x2  
  101  9:05  Siege Tank, SCV x3, Medivac  
  101  9:07  Medivac  
  113  9:15  Supply Depot  
  113  9:16  Supply Depot  
  114  9:17  SCV x3, Supply Depot  
  114  9:19  Marine x3  
  114  9:21  Marine x2  
  113  9:25  Marine  
  113  9:26  Marine  
  113  9:30  SCV x2  
  117  9:37  Medivac x2  
  117  9:38  Marine x4  
  115  9:42  Marine  
  115  9:43  Marine x4  
  121  9:56  Marine x4  
  123  10:00  Marine x2  
  123  10:01  Marine x3  
  125  10:13  Marine  
  125  10:14  Marine x2  
  116  10:15  Armory, Combat Shield  
  116  10:19  Marine x6  
  123  10:23  Factory  
  123  10:31  Marine x2  
  123  10:32  Marine  
  123  10:33  Siege Tank  
  123  10:35  Medivac x2  
  128  10:37  Marine  
  123  10:43  SCV x3  
  123  10:45  Refinery  
  123  10:47  Refinery  
  126  10:54  Sensor Tower  
  126  10:55  Marine x8  
  134  10:59  Marine  
  134  11:18  Command Center  
  134  11:24  Marine x4  
  134  11:25  Marine  
  139  11:38  Marine  
  121  11:41  Marine  
  121  11:42  Marine x6  
  121  11:43  Siege Tank, Marine  
  121  11:44  Factory Tech Lab  
  92  11:56  Marine  
  92  11:59  Marine  
  92  12:00  Marine x5  
  92  12:01  Marine x2  
Show
View Real Time Build Order
Export as new Build Order

Mez Terran 

Build Orders:  

Get SALT Encoding   

  12  0:05  SCV  
  13  0:17  Supply Depot  
  13  0:18  SCV  
  14  0:30  SCV  
  15  0:40  Barracks  
  15  0:42  Refinery  
  15  0:45  SCV  
  16  0:52  Refinery  
  16  0:57  SCV  
  17  1:09  SCV  
  18  1:21  SCV  
  19  1:28  Reaper  
  20  1:33  Orbital Command  
  20  1:36  Supply Depot  
  20  1:49  Factory  
  20  2:01  Barracks Reactor  
  20  2:07  SCV  
  21  2:19  SCV  
  22  2:34  Hellion  
  22  2:36  Starport  
  24  2:37  Marine x2  
  25  2:50  SCV  
  26  2:52  Command Center  
  26  2:56  Supply Depot  
  26  2:58  Factory Tech Lab  
  26  3:00  Marine x2  
  26  3:05  SCV  
  29  3:18  Cyclone  
  29  3:19  Marine  
  32  3:21  SCV  
  32  3:23  Starport Tech Lab  
  33  3:32  Supply Depot  
  33  3:33  SCV  
  34  3:41  Marine x2  
  34  3:42  Raven  
  34  3:46  SCV  
  39  3:54  Cyclone  
  42  4:06  Marine x2  
  42  4:09  SCV  
  40  4:30  Raven  
  42  4:31  Orbital Command  
  42  4:32  Refinery  
  42  4:33  SCV  
  43  4:40  Marine x2  
  43  4:45  SCV  
  46  4:48  Cyclone  
  46  4:50  Supply Depot  
  49  4:57  SCV  
  49  4:59  Marine x2  
  52  5:04  SCV  
  53  5:09  SCV  
  51  5:16  SCV  
  52  5:21  SCV  
  52  5:27  Cyclone  
  56  5:34  SCV  
  56  5:35  SCV  
  58  5:45  Marine  
  58  5:47  Viking, SCV  
  62  5:55  Supply Depot  
  62  5:58  Viking, SCV  
  62  5:59  SCV  
  62  6:02  Siege Tank  
  62  6:03  Stimpack  
  69  6:25  Command Center  
  63  6:28  SCV x2  
  63  6:30  Viking x2  
  69  6:40  Barracks  
  69  6:42  Barracks  
  69  6:58  SCV x2, Marine  
  69  6:59  Siege Tank  
  75  7:10  SCV x2  
  77  7:16  Marine  
  77  7:19  Medivac  
  77  7:22  Barracks  
  80  7:23  Barracks  
  80  7:24  SCV x2  
  82  7:33  Marine  
  66  7:55  Barracks Reactor  
  66  7:56  Barracks Reactor  
  64  8:05  Siege Tank, Marine  
  64  8:08  SCV x2  
  67  8:20  SCV, Orbital Command  
  67  8:21  SCV  
  67  8:23  Marine  
  70  8:32  Refinery  
  70  8:33  SCV  
  65  8:34  Marine  
  65  8:35  Barracks Reactor x2, Marine x3  
  65  8:36  Medivac x2  
  65  8:41  Marine  
  74  8:51  Supply Depot  
  74  8:52  Marine, Supply Depot  
  74  8:53  Engineering Bay x2, Marine x3  
  74  8:55  SCV x2  
  80  8:59  Marine  
  81  9:04  Siege Tank  
  84  9:10  Marine x2  
  84  9:11  Marine x6  
  84  9:15  SCV x3  
  84  9:17  Marine  
  96  9:26  Supply Depot  
  96  9:27  Terran Infantry Armor Level 1, Terran Infantry Weapons Level 1  
  96  9:28  Marine, Supply Depot  
  96  9:30  Medivac x2  
  99  9:36  Siege Tank  
  100  9:51  Marine x6  
  103  9:52  Marine  
  103  9:53  Combat Shield, Marine x2  
  103  10:09  Marine x6  
  103  10:10  Marine x3  
  92  10:23  Siege Tank  
  92  10:27  Marine x6  
  92  10:28  Marine  
  91  10:41  Marine  
  91  10:42  Marine  
  93  10:44  Marine, Medivac x2  
  93  10:45  Marine x2  
  100  10:55  Orbital Command  
  100  10:57  SCV x2  
  100  10:58  Marine x4  
  100  11:00  Command Center  
  100  11:01  Armory  
  106  11:10  SCV x2  
  106  11:17  Marine x4  
  110  11:18  Medivac  
  110  11:22  SCV  
  86  11:46  Marine x3  
  63  11:55  Marine x6  
  63  12:00  SCV x2  
  72  12:04  Marine  
Tags
 
Add a new tag
Caveats
  • Supply blocks, unpowered buildings, or Contaminate may cause inaccurate times.
  • Supply counts are checked every 10 seconds.